Cogmind - Beta 16.1 @@@ ROGUE MODE // 2026.04.25 @ 01:15:04 Player: AngelSpirit Result: Destroyed by V7-F5D(R) with Subdweller Machine Gun Performance ------------- Evolutions (0) 0 Regions Visited (2) 400 Robots Destroyed (41) 205 Value Destroyed (1044) 1044 Prototype IDs (0) 0 Alien Tech Used (0) 0 Bonus (0) 0 TOTAL SCORE: 1649 Bonus ------- None Cogmind --------- Core Integrity 0/250 Matter 143/300 Energy 71/100 System Corruption 0% Temperature Cool (0) Movement Treading (240) Ox1 Location -10/Subcaves Parts ------- > --- POWER (1) -------- (None) > --- PROPULSION (2) --- Light Treads Light Treads > --- UTILITY (2) ------ High-capacity Storage Unit Sensor Array > --- WEAPON (2) ------- Subdweller Laser Subdweller Machine Gun > --- INVENTORY (20) --- Light Treads Light Treads Cargo Legs Wheel Wheel Wheel Subdweller Monowheel Seismic Detector Cobbler Unit Heavy Riot Gun Heavy Riot Gun Subdweller Laser Light Cannon Light Cannon Light Cannon Grenade Launcher Datajack Mining Laser Peak State ------------ > --- POWER ------------ Subdweller Power Source > --- PROPULSION ------- Wheel Subdweller Monowheel > --- UTILITY ---------- High-capacity Storage Unit Sensor Array > --- WEAPON ----------- Subdweller Laser Subdweller Machine Gun > --- INVENTORY -------- Light Treads Light Treads Light Treads Light Treads Cargo Legs Wheel Wheel Seismic Detector Cobbler Unit Heavy Riot Gun Heavy Riot Gun Subdweller Laser Light Cannon Light Cannon Light Cannon Grenade Launcher Datajack Mining Laser [Rating: 15] Favorites ----------- Power Light Ion Engine Engine Light Ion Engine Propulsion Wheel Treads Light Treads Wheel Wheel Utility High-capacity Storage Unit Device Sensor Array Storage High-capacity Storage Unit Weapon Light Cannon Energy Gun Subdweller Laser Energy Cannon Beam Cannon Ballistic Gun Subdweller Machine Gun Ballistic Cannon Light Cannon Launcher Grenade Launcher Special Weapon Mining Laser Special Melee Weapon Datajack Build | -11 -10 -10 ------- Run | Yrd Mat Sub Slots Evolved . | . . . Power . | . . . Propulsion . | . . . Utility . | . . . Weapon . | . . . Parts Attached 31 | 6 13 12 Power 3 | 1 1 1 Engine 3 | 1 1 1 Core . | . . . Reactor . | . . . Propulsion 13 | 2 5 6 Treads 3 | . 2 1 Leg . | . . . Wheel 10 | 2 3 5 Hover . | . . . Flight . | . . . Utility 4 | 1 2 1 Device 2 | . 1 1 Storage 2 | 1 1 . Processor . | . . . Hackware . | . . . Protection . | . . . Artifact . | . . . Weapon 11 | 2 5 4 Energy Gun 3 | 1 . 2 Energy Cannon 1 | . 1 . Ballistic Gun 2 | 1 . 1 Ballistic Cannon 2 | . 2 . Launcher 1 | . . 1 Special Weapon 1 | . 1 . Impact Weapon . | . . . Slashing Weapon . | . . . Piercing Weapon . | . . . Special Melee Weapon 1 | . 1 . Unidentified Prototypes . | . . . Parts Lost 8 | . 3 5 Power 3 | . 1 2 Propulsion 3 | . 2 1 Utility . | . . . Weapon 2 | . . 2 Highest Loss Streak 3 | . 1 3 To Critical Strikes 1 | . . 1 Average Backups 15 | 1 11 18 Power . | . . . Propulsion 6 | 1 6 7 Utility . | . . 1 Weapon 6 | . 3 8 Tool/Special . | . . . Unused Backups 16 | . 3 13 Power . | . . . Propulsion 5 | . . 5 Utility 1 | . . 1 Weapon 10 | . 3 7 Tool/Special . | . . . Average Slot Usage (%) 93 | . 94 93 Engine 10 | . 13 7 Wheel 26 | . 25 27 Device 12 | . 10 14 Storage 14 | . 14 14 Energy Gun 8 | . 1 13 Energy Cannon 1 | . 2 . Ballistic Gun 4 | . 4 5 Ballistic Cannon 12 | . 18 7 Peak Build Rating 15 | 6 8 15 Average Rating 9 | 5 7 11 On Entrance 4 | . 6 8 Avg Prop Armor Cover (%) . | . . . Naked Turns . | . . . Heaviest Build 54 | 10 50 54 Greatest Support 40 | 26 26 40 Greatest Overweight (x) 4 | . 4 2 Average Overweight (x) 1 | . 1 1 Largest Inventory Capacity 20 | 8 20 20 Average Capacity 19 | 7 18 20 Most Carried 20 | 4 17 20 Average Carried 15 | 1 11 19 Final Capacity 20 | 8 20 20 Final Carried 20 | 4 17 20 Class Distribution -------------------- 54% | Mutant 45% | Scavenger-Mutant Dominant Class ---------------- Mutant | -10/Materials Scavenger-Mutant | -10/Subcaves Resources | -11 -10 -10 ----------- Run | Yrd Mat Sub Matter Collected 1205 | 200 597 408 Remotely . | . . . Salvage Created 1138 | 44 825 269 Parts 75 | 6 45 24 Haulers Intercepted 2 | . 2 . Recyclers Shooed 2 | . 2 . Parts Field Recycled . | . . . Retrieved Matter . | . . . Parts Self-Destructed 9 | . . 9 Prevented . | . . . Parts Restored . | . . . Kills | -11 -10 -10 ------- Run | Yrd Mat Sub Combat Hostiles Destroyed 26 | . 16 10 Guns 7 | . 3 4 Cannons 16 | . 13 3 AOE 3 | . . 3 Classes Destroyed 10 | 1 7 2 Worker 2 | . 2 . Tunneler 3 | 2 1 . Hauler 2 | . 2 . Recycler 2 | . 2 . Operator 1 | . 1 . Turret 2 | . . 2 Watcher 3 | . 3 . Swarmer 5 | . 3 2 Grunt 13 | . 13 . Subdweller 8 | . . 8 Best Kill Streak 4 | 1 4 3 Combat Bots Only 3 | . 3 3 Max Kills in Single Turn 1 | 1 1 1 Gunslinging . | . . . Exploded 1 | . . 1 Melee . | . . . Uniques/NPCs Destroyed . | . . . Combat | -11 -10 -10 -------- Run | Yrd Mat Sub Hostile Shots Fired 99 | . 54 45 Missed 29 | . 15 14 Hits 70 | . 39 31 Projectile 70 | . 39 31 AOE 1 | . . 1 Critical Strikes 1 | . . 1 Part Disruptions 1 | . 1 . Damage Taken 1066 | . 468 598 Core 256 | . 86 170 Absorbed by Shields . | . . . Core Remaining (%) 100 | 100 . . Volleys Fired 154 | 4 90 60 Largest 2 | 2 2 2 Hottest 100 | 60 100 90 Shots Fired 272 | 8 176 88 Gun 131 | 8 75 48 Cannon 119 | . 100 19 Launcher 21 | . . 21 Special 1 | . 1 . Kinetic 155 | 4 120 31 Thermal 96 | 4 56 36 Explosive 21 | . . 21 Electromagnetic . | . . . Robot Hit Streak 12 | 2 11 12 Robot Miss Streak 4 | 2 4 2 Penetration Max . | . . . Secondary Targets . | . . . Shots Hit Robots 139 | 4 101 34 Core Hits 71 | 3 41 27 Critical Kills . | . . . Critical Parts Destroyed . | . . . Critical Strikes 1 | . 1 . Blast 1 | . 1 . Melee Attacks . | . . . Impact . | . . . Slashing . | . . . Piercing . | . . . Sneak Attacks . | . . . Combat Hostiles . | . . . Follow-up Attacks . | . . . Damage Inflicted 2509 | 36 1369 1104 Guns 930 | 36 428 466 Cannons 1117 | . 941 176 Explosions 462 | . . 462 Melee . | . . . Ramming . | . . . Kinetic 1245 | 16 937 292 Thermal 802 | 20 432 350 Explosive 462 | . . 462 Electromagnetic . | . . . Impact . | . . . Slashing . | . . . Piercing . | . . . Highest Corruption . | . . . Average Corruption . | . . . Corruption Purged . | . . . Corruption Blocked . | . . . Overload Shots . | . . . Overflow Damage 6 | . 5 1 Projectiles 5 | . 5 . Explosions 1 | . . 1 Melee . | . . . Knockbacks 11 | . 9 2 Impact . | . . . Kinetic 10 | . 8 2 Secondary 1 | . 1 . Self-Inflicted Damage 38 | . . 38 Shots 2 | . . 2 Rammed . | . . . Targets Rammed . | . . . Kicked . | . . . Crushed . | . . . Highest Temperature 214 | 40 214 . Average Temperature 59 | 24 61 . Received Heat Transfer 318 | . 216 102 Siege Activations . | . . . Martial Activations . | . . . Shielding Activations . | . . . Robots Disrupted . | . . . Combat Hostiles . | . . . Robots Corrupted . | . . . Combat Hostiles . | . . . Parts Fried . | . . . Impact Corruptions . | . . . Robots Melted . | . . . Combat Hostiles . | . . . Parts Melted 2 | . 1 1 Heat Transferred 1404 | 50 929 425 Parts Sabotaged . | . . . Parts Stolen . | . . . Parts Stripped . | . . . Power Chain Reactions . | . . . Alert | -11 -10 -10 ------- Run | Yrd Mat Sub Maximum Alert Level 1 | . 1 . Low Security (%) 89 | 100 89 . Level 1 10 | . 10 . Level 2 . | . . . Level 3 . | . . . Level 4 . | . . . Level 5 . | . . . High Security . | . . . Max Security . | . . . Peak Influence 225 | 5 225 . Initial . | . . . Average 92 | . 97 . Influence Increases 1096 | 10 631 455 Destroy 0b10 Robot/C 400 | . 320 80 Destroy 0b10 Robot/NC 65 | 10 55 . Destroy Leader 90 | . 90 . Successful Hack 27 | . 27 . Select Force Hacks 60 | . 60 . Disable Machine 45 | . 45 . Destroy Structure 4 | . 4 . Partial Spotted 15 | . 15 . Lose Combat Pursuer 390 | . 15 375 Influence Decreases 687 | 10 461 216 Entered New Map 82 | . . 82 Time Decay 545 | 10 431 104 Lost Part 50 | . 30 20 Lost Ally 10 | . . 10 Squads Dispatched 4 | . 4 . Investigation 3 | . 3 . Extermination . | . . . Reinforcement 1 | . 1 . Assault . | . . . Garrison . | . . . Intercept . | . . . Searches Triggered . | . . . Construction Impeded . | . . . Haulers Reinforced . | . . . Active Scanning Responses . | . . . Cargo Convoy Interrupts . | . . . Stealth | -11 -10 -10 --------- Run | Yrd Mat Sub Distress Signals . | . . . Communications Jammed . | . . . Distress Signals . | . . . Times Spotted 44 | . 29 15 Peak Tracking Total 3 | . 3 3 Tactical Retreats 5 | . 1 4 Traps | -11 -10 -10 ------- Run | Yrd Mat Sub Traps Triggered 3 | . 2 1 Indirectly . | . . . Trap Hack Attempts 120 | . 19 101 Triggered . | . . . Disarmed 3 | . 2 1 Reprogrammed 7 | . . 7 Reused 1 | . . 1 Traps Extracted . | . . . Installed 1 | . . 1 Triggered . | . . . Most Traps Carried 1 | . . 1 Machines | -11 -10 -10 ---------- Run | Yrd Mat Sub Machines Disabled 6 | . 3 3 Max in Single Turn 1 | . 1 1 Machines Repaired . | . . . Machines Dismantled . | . . . Machines Sabotaged . | . . . Overloaded Fab Kills . | . . . Hacking | -11 -10 -10 --------- Run | Yrd Mat Sub Machines Accessed 8 | . 8 . Terminals 6 | . 6 . Fabricators . | . . . Repair Stations . | . . . Recycling Units 2 | . 2 . Scanalyzers . | . . . Garrison Access . | . . . Total Hacks 29 | . 29 . Successful 18 | . 18 . Failed 11 | . 11 . Catastrophic . | . . . Database Lockouts . | . . . Manual 27 | . 27 . Terminals 26 | . 26 . Fabricators . | . . . Repair Stations . | . . . Recycling Units 3 | . 3 . Scanalyzers . | . . . Garrison Access . | . . . Terminal Hacks 4 | . 4 . Robot Schematic 1 | . 1 . Terminal Index 1 | . 1 . Locate Traps 2 | . 2 . Fabricator Hacks . | . . . Repair Station Hacks . | . . . Recycling Unit Hacks 1 | . 1 . Retrieve Components 1 | . 1 . Scanalyzer . | . . . Garrison Access Hacks . | . . . Unauthorized Hacks 13 | . 13 . Terminals 11 | . 11 . Assimilate 2 | . 2 . Botnet 3 | . 3 . Operators 1 | . 1 . Skim 5 | . 5 . Fabricators . | . . . Repair Stations . | . . . Recycling Units 2 | . 2 . Tunnel 2 | . 2 . Scanalyzers . | . . . Garrison Access . | . . . Data Cores Recovered . | . . . Used . | . . . Hacking Detections 7 | . 7 . Full Trace Events . | . . . Feedback Events . | . . . Feedback Blocked . | . . . Robot Schematics Acquired 1 | . 1 . Robots Built . | . . . Authchips . | . . . Time . | . . . Total Robot Build Rating . | . . . Part Schematics Acquired . | . . . Parts Built . | . . . Authchips . | . . . Time . | . . . Total Part Build Rating . | . . . Part Studies Acquired . | . . . Parts Repaired . | . . . Time . | . . . Parts Recycled . | . . . Recycled Matter . | . . . Retrieved Matter . | . . . Retrieved Components 10 | . 10 . Parts Scanalyzed . | . . . Part Schematics Acquired . | . . . Parts Damaged . | . . . Bothacking | -11 -10 -10 ------------ Run | Yrd Mat Sub Used RIF Installer . | . . . Robots Hacked . | . . . Non-combat . | . . . Combat . | . . . Robot Hacks Applied . | . . . Relay Couplers Released . | . . . Fabnet Peak Effective % . | . . . Robots Rewired . | . . . Allies Hacked . | . . . Hacks Repelled . | . . . Allies | -11 -10 -10 -------- Run | Yrd Mat Sub Total Allies 2 | . 2 . Largest Group 2 | . 2 1 Highest-Rated Group 20 | . 20 10 Highest-Rated Ally 10 | . 10 10 Total Orders 2 | . 2 . STAY 1 | . 1 . FOLLOW 1 | . 1 . Ally Attacks . | . . . Total Damage . | . . . Kills . | . . . Allies Corrupted . | . . . Allies Melted . | . . . Intel | -11 -10 -10 ------- Run | Yrd Mat Sub Active Infowar (turns) 3166 | . 1109 2057 Sensors 1584 | . . 1584 Seismic 1582 | . 1109 473 Robot Analysis Total . | . . . Derelict Logs Recovered 1 | . . 1 Drone Launches . | . . . Drone Recoveries . | . . . Exploration | -11 -10 -10 ------------- Run | Yrd Mat Sub Turns Passed 3633 | 76 1500 2057 Spaces Moved 2218 | 58 931 1229 Core 3 | 3 . . Treads 7 | . . 7 Legs . | . . . Wheels 2208 | 55 931 1222 Hover . | . . . Flight . | . . . Fastest Speed 50 | 50 80 107 Average Speed 107 | 87 109 107 Slowest Speed 240 | 90 140 240 Overloaded Moves . | . . . Propulsion Burnouts . | . . . Robots Hopped . | . . . Potential Cave-ins . | . . . Cave-ins Triggered . | . . . Exploration Rate (%) 53 | 4 99 56 Regions Visited 2 Branch Regions 1 Pre-discovered Areas 4 | . 3 1 Known Exits Taken . | . . . Unknown Exits Taken 2 | 1 1 . Scrap Searched 4 | . . 4 Spaces Dug 1 | . . 1 Terrain Destroyed 59 | . . 59 Melee . | . . . Projectile 2 | . . 2 AOE 57 | . . 57 Terrain Rammed . | . . . Walls Destroyed . | . . . Machines Disabled . | . . . Actions | -11 -10 -10 --------- Run | Yrd Mat Sub Total 3183 | 72 1240 1871 Wait 578 | 1 152 425 Move 2216 | 57 930 1229 Hop . | . . . Pick Up 36 | 4 18 14 Fast Attach 13 | 6 4 3 Attach 9 | . 3 6 Detach 1 | . 1 . Swap 35 | . 16 19 Drop 20 | . 7 13 Fire 154 | 4 90 60 Melee . | . . . Ram . | . . . Kick . | . . . Crush . | . . . Escape Stasis . | . . . Rewire . | . . . Trap 121 | . 19 102 Miscellaneous . | . . . Route ------- -11/Scrapyard -10/Materials (discovered 6 exits: [*Mat x3] / [*Min x2] / [*Sub]) -10/Subcaves (discovered 3 exits: *Mat x2 / [*Rec]) History --------- Turn | Location | Event 17 | -11/Scrapyard | Discovered new exit (range 16) 77 | -11/Scrapyard | Entered Materials 286 | -10/Materials | Discovered new exit (range 10) 315 | -10/Materials | Build established: Mutant 386 | -10/Materials | Discovered new exit (range 7) 601 | -10/Materials | Discovered new exit (range 15) 811 | -10/Materials | Discovered new exit (range 16) 961 | -10/Materials | Discovered new exit (range 3) 1150 | -10/Materials | Discovered new exit (range 15) 1184 | -10/Materials | Learned location of 2 exits from Materials 1235 | -10/Materials | Learned location of 1 exit from Storage 1334 | -10/Materials | Loaded intel: 1 repair station location 1348 | -10/Materials | Learned location of 1 exit from Recycling 1408 | -10/Materials | Learned Materials repair station intel 1409 | -10/Materials | Build established: Scavenger-Mutant 1451 | -10/Materials | Learned Recycling recycling unit intel 1577 | -10/Materials | Entered Subcaves 1577 | -10/Subcaves | Accompanied by 1 ally 1578 | -10/Subcaves | Approached by a straggling Scientist 1580 | -10/Subcaves | Identified exit to Materials 1603 | -10/Subcaves | Disturbed a concealed Subdweller 2216 | -10/Subcaves | Learned location of Zion (-7) 2216 | -10/Subcaves | Met a Zionite searching for "candidates" 2461 | -10/Subcaves | Core integrity fell below 50% 2677 | -10/Subcaves | Lost 3 parts (1p1n1w) 2776 | -10/Subcaves | Discovered exit to Materials (range 12) 2787 | -10/Subcaves | Shifting Twisted Machinery released Sub. Optics 2926 | -10/Subcaves | Build established: Mutant 3151 | -10/Subcaves | A Subdweller sparked back to life 3170 | -10/Subcaves | Found Prototype Leg 3415 | -10/Subcaves | Discovered new exit (range 12) 3423 | -10/Subcaves | Core integrity fell below 20% 3518 | -10/Subcaves | Shifting Twisted Machinery released Battle Rifle 3600 | -10/Subcaves | Ambushed by Subdwellers from Twisted Machinery 3634 | -10/Subcaves | Destroyed by V7-F5D(R) with Subdweller Machine Gun Last Messages --------------- 03413_ Autobeam Turret destroyed. 03415_ EXIT=FOUND 03422_ The unstable cave ceiling collapses. 03430_ Autobeam Turret destroyed. 03433_ The unstable cave ceiling collapses. 03452_ Acquired 27 matter. 03466_ Acquired 8 matter. 03467_ Dropped Lgt. Cannon. 03468_ Acquired Hvy. Riot Gun. 03475_ Acquired 11 matter. 03482_ Acquired 10 matter. 03492_ Acquired 9 matter. Battle Rifle falls loose from the Twisted Machinery. 03527_ The unstable cave ceiling collapses. 03541_ Subatomizers dissect the Disposable Heat Sink. 03575_ Acquired Sub. Power Source. 03611_ Acquired 1 matter. 03627_ Sub. Power Source destroyed. Map ----- +----------------------------------------------------+ | ?????????????????????????????????????????????????? | | ?????????????????????????????????????????????????# | | ???????????????????????????????????????###??????? | | ?????????????????????? "????????????### #??????? | | ????????????????????? "???????????## ????### | | ????????????????????? "" ????????## ?????# | | ?????????????????????" " ????????""" ?????# | | ?????????????????????""""" ???????""" #?????# | | ????????????????????? ""?????????#" #?????# | | ????????????????????? "#???""????#" ####### | | ????????????????????? ### "???##"" ## ## | | ??????????????????### " ""???# "" | | ?????????????????## % " "?????# | | ???####??????##### % """"?????# ## | | #### #????### """ ?????# #### ## | | ## #?#### """" ??????# ##?###### | | "& ## ##] """ " ????## #??????## | | "# ## ##" #???## #???????## | | #? #?### "#? #### ##???# ##????????# | | #?# #????## ""##?#?????###### #?????????## | | #### #??##### " #????????# #??????????# | | # ## #### ## #####?????# #??????????# | | ## #?# ###??## ##??????????# | | ### ##?# ##??????????# | | ## =##R ### ##?????????? | | # #### R @ ## % #?????????? | | # ####??## ### ### #?????????? | | # ############?# ### #?????????? | | ## ###?????## #?????????? | | #?????#### ##?????????? | | ## ## # ##???## ## #??????????? | | ?## ########### #???# #??????????? | | ??###?????????## ##???## ?????? | | ####????????????###?????###### #### #???# | | # ##????????????????????????###???### ##???# | | = #????????????????????????????????? #????# | | ] ##????????????????????????????????# ###### | | # # ##????????????????????????????????### ### | | ### ! ##???????????????????????????????????#?# | | # #?????????????????????????????####????# | | #?????????????????????????????# ###??## | | #?????????????????????????????## ##??# | | ##?????????????????????????????# #### | | #?????????????????????????????# ## | | # ###?????????????????????????????### | | #???????????????????????????????# ### | | ## #???????????????????????????????# #### | | ## #???????????????????????????????# ###?# | | ######????????????????????????????# #???## | | ## ##??????????????????###?###### ##???# | +----------------------------------------------------+ Best States ------------- Heat Dissipation 25 Energy Generation 15 Energy Capacity 200 Matter Stores 300 Matter Capacity 300 Sight Range 16 Robot Scan Range 14 Terrain Scan Density 10 Evasion (%) 44 Recoil Reduction 2 Item Schematics ----------------- None Robot Schematics ------------------ M-13 Machinist | -10/Materials | Hacked Fabricated ------------ Nothing Repaired ---------- Nothing Studied --------- None Alien Tech Used ----------------- None Achievements -------------- None Challenges ------------ None Game ------ Seed ArchitectVisualRocket Manual? 0 Play Time 00:21:30 Cumulative 743.4 hours Start 2026.04.25 @ 00:54:19 End 2026.04.25 @ 01:15:04 Sessions 1 Manual Loads 0 Difficulty Rogue Special Mode None Game No. 217 Rogue 217 Adventurer 0 Explorer 0 Win Type - Total 28 Types 10/3/7/1/1/0/2/1/1/2 Lore% 95 Gallery% 87 Achievement% 81 Wizard Run 0 Options --------- Layout 1 ASCII 0 Keyboard 0 Movement Mouse Keybinds 0 Fullscreen 2 Font 32/SmallcapsGlow Map View 50x35 Zoom Use 0% Tactical HUD 1 Map Filters NONE Filters NONE Steam 1 RUN: fa71c86e-8b5a-46c3-8b4d-cab966601f45